 Dungeon Crawl Stone Soup version 0.19.4-10-g532645f (console) character file.

6910 Grinner the Blocker (level 10, -9/79 HPs)
             Began as a Troll Monk on Feb 23, 2017.
             Killed from afar by a red draconian (12 damage)
             ... with a searing blast
             ... in a volcano.
             The game lasted 00:18:39 (6572 turns).

Grinner the Blocker (Troll Monk)                    Turns: 6572, Time: 00:18:40

Health: -9/79      AC:  7    Str: 27 (28) XL:     10   Next: 79%
Magic:  9/9        EV: 17    Int:  5 (6)  God:
Gold:   253        SH: 21    Dex: 19 (20) Spells: 0 memorised, 9 levels left

rFire  + . .     SeeInvis .       - Unarmed
rCold  + + +     Gourm    +     N - +2 robe {rC+ rF+}
rNeg   . . .     Faith    .     v - +2 large shield
rPois  .         Spirit   .     (helmet restricted)
rElec  .         Reflect  .     (no cloak)
rCorr  .         Harm     .     (gloves unavailable)
MR     .....     Clarity  +     (boots unavailable)
Stlth  +++.......               (no amulet)
                                w - ring of protection from cold
                                g - ring of protection from cold

@: mighty, agile, exhausted, slowed, very slow
A: unfitting armour, claws 3, clarity, fast metabolism 3, frail 1, gourmand,
regeneration 1, shaggy fur 1, strong 1, tough skin 2
a: no special abilities


You were in a volcano.
You were full.

You visited 2 branches of the dungeon, and saw 9 of its levels.
You also visited: Ossuary and Volcano.

You collected 430 gold pieces.
You spent 177 gold pieces at shops.

Inventory:

Armour
 q - a +2 animal skin
 v - a +2 large shield (worn)
 N - a +2 robe of resistance (worn)
Magical Staves
 s - an uncursed staff of wizardry
Jewellery
 g - a ring of protection from cold (left claw)
 w - a ring of protection from cold (right claw)
Wands
 h - a wand of iceblast (5/15)
 r - a wand of random effects (25/48)
 I - a wand of disintegration (24/24)
 O - a wand of polymorph (9/24)
Scrolls
 a - a scroll of noise
 c - 7 scrolls of random uselessness
 f - a scroll of remove curse
 i - 3 scrolls of fog
 k - 3 scrolls of teleportation
 z - a scroll of magic mapping
Potions
 m - 2 potions of resistance
 n - 2 potions of cure mutation
 o - 3 potions of ambrosia
 p - a potion of brilliance
 t - a potion of flight
 x - 4 potions of might
 A - a potion of cancellation
 B - a potion of magic {unknown}
 G - a potion of degeneration
Comestibles
 b - 10 bread rations
 d - a slice of pizza
 u - 2 meat rations
 C - 5 fruits
 E - 3 beef jerkies


   Skills:
 - Level 2.4 Fighting
 - Level 4.9 Dodging
 - Level 1.0 Stealth
 + Level 11.0 Shields
 * Level 9.2 Unarmed Combat


You had 9 spell levels left.
You didn't know any spells.

Dungeon Overview and Level Annotations

Branches:
Dungeon (8/15)             Temple (0/1) D:7            Lair (1/6) D:8

Altars:

Shops:
D:5 *   D:8 =


Innate Abilities, Weirdness & Mutations

You are too large for most types of armour.
You have claws for hands.
Your metabolism is lightning-fast.
You like to eat raw meat.
Your natural rate of healing is unusually fast.
You are covered in fur. (AC +1)
You have very tough skin. (AC +2)
You possess an exceptional clarity of mind.
You are frail. (-10% HP)
Your muscles are strong. (Str +2)


Message History

You are engulfed in roaring flames.
You resist.
* * * LOW HITPOINT WARNING * * *
The red draconian misses you.
The red draconian breathes flames at you.
The searing blast misses you.
The red draconian is engulfed in roaring flames.
You block the red draconian's attack.
The red draconian is engulfed in roaring flames.
The red draconian hits you but does no damage.
You claw the red draconian!
The red draconian is heavily wounded.
The red draconian breathes flames at you.
The searing blast misses you.
The red draconian breathes flames at you.
The searing blast hits you! You resist.
* * * LOW HITPOINT WARNING * * *
You block the red draconian's attack.
The red draconian breathes flames at you.
The searing blast hits you! You resist.
You die...

##≈≈≈≈≈≈## #≈≈.∩.≈≈§#
##.....### ###....#
#.#∩...# ##.######
#### ###.#.### ###d.#
........###.§##.)[.!.#
≈≈≈≈§......@###
.§§!$..
≈§§§≈≈§§.....##
#§§.(≈≈
≈≈≈§≈≈§≈≈≈....# #§≈≈≈≈
§§§§≈≈§§≈....## #≈≈≈#
≈≈§§≈≈≈≈≈≈.... #§≈#
≈≈≈§≈≈....## §##
≈.§≈....### .......#.
###...


You could see a red draconian.

Vanquished Creatures
  A lindwurm (Lair:1)
  A spiny frog (Lair:1)
  A torpor snail (Lair:1)
  A komodo dragon (Lair:1)
  Grinder (D:3)
  A spriggan (D:8)
  The ghost of Grinner the Ruffian, an amateur TrMo (D:3)
  7 yaks
  A steam dragon (D:7)
  2 orc warriors (D:6)
  4 sky beasts
  2 ice beasts
  An ogre (D:6)
  A centaur (D:8)
  3 wolves (Lair:1)
  An elf zombie (Ossuary)
  4 bullfrogs
  A water moccasin skeleton (D:8)
  3 scorpions
  6 killer bees (D:8)
  9 wights
  2 howler monkeys
  2 electric eels (D:8)
  5 crimson imps
  A bullfrog zombie (D:8)
  2 centaur zombies (Ossuary)
  2 quasits (D:8)
  A centaur skeleton (D:8)
  A jelly (D:7)
  6 orc wizards
  4 orc priests
  3 hounds
  2 bullfrog skeletons
  3 iguanas (D:4)
  Ijyb (D:3)
  Terence (D:2)
  8 worker ants
  2 big kobold zombies (Ossuary)
  A hound zombie (D:8)
  2 hound skeletons (D:5)
  3 mummies
  Robin (D:3)
  3 gnolls (D:6)
  8 adders
  3 shadow imps
  An ooze (D:7)
  An adder zombie (Ossuary)
  3 worms
  4 dart slugs
  4 leopard geckos
  17 orcs
  7 bats
  5 giant cockroaches
  13 goblins
  8 hobgoblins
  8 jackals
  2 quokkas
  A ball python (D:8)
  4 frilled lizards
  A giant cockroach zombie (D:6)
  3 goblin zombies (Ossuary)
  10 hobgoblin zombies (Ossuary)
  2 kobolds
  8 kobold zombies (Ossuary)
  8 orc zombies (Ossuary)
  A quokka skeleton (D:6)
  8 rats
  2 rat zombies (Ossuary)
240 creatures vanquished.

Vanquished Creatures (others)
  2 butterflies (D:7)
2 creatures vanquished.

Grand Total: 242 creatures vanquished

Notes
Turn   | Place    | Note
-------+----------+-------------------------------------------
     0 | D:1      | Grinner the Troll Monk began the quest for the Orb.
     0 | D:1      | Reached XP level 1. HP: 22/22 MP: 0/0
   126 | D:1      | Reached XP level 2. HP: 29/29 MP: 1/1
   672 | D:2      | Reached XP level 3. HP: 22/36 MP: 2/2
   740 | D:2      | You fall through a shaft!
   762 | D:3      | Reached XP level 4. HP: 44/44 MP: 3/3
   826 | D:3      | Noticed Grinner's ghost (amateur TrMo)
   868 | D:3      | Noticed Ijyb
   875 | D:3      | Killed Grinner's ghost
   875 | D:3      | Reached skill level 5 in Unarmed Combat
   875 | D:3      | Reached XP level 5. HP: 39/50 MP: 4/4
   879 | D:3      | Killed Ijyb
   879 | D:3      | Reached XP level 6. HP: 40/59 MP: 5/5
   899 | D:3      | Noticed Grinder
   910 | D:3      | Killed Grinder
   958 | D:3      | Noticed Robin
   964 | D:3      | Killed Robin
   964 | D:3      | Reached XP level 7. HP: 66/66 MP: 6/6
  1610 | D:2      | Noticed Terence
  1614 | D:2      | Killed Terence
  2617 | D:5      | Entered Level 5 of the Dungeon
  2672 | D:5      | Found Suarrut's Assorted Antiques.
  2683 | D:5      | Bought a scroll labeled PEGGIEL QUSMI for 30 gold pieces
  2683 | D:5      | Bought a scroll labeled PEGGIEL QUSMI for 30 gold pieces
  2683 | D:5      | Bought a scroll labeled NEAGODGHAUG for 30 gold pieces
  2683 | D:5      | Bought a fuming ruby potion for 27 gold pieces
  2683 | D:5      | Bought a scroll labeled ISSIET QOTERHO for 30 gold pieces
  2683 | D:5      | Bought a scroll labeled PEGGIEL QUSMI for 30 gold pieces
  2691 | D:5      | Gained mutation: Your flesh is heat resistant. (rF+) [potion of mutation]
  2691 | D:5      | Gained mutation: You are frail. (-10% HP) [potion of mutation]
  2691 | D:5      | Gained mutation: Your muscles are strong. (Str +2) [potion of mutation]
  3197 | D:5      | Reached skill level 1 in Shields
  3197 | D:5      | Reached XP level 8. HP: 64/66 MP: 7/7
  3403 | D:6      | Reached skill level 2 in Shields
  3595 | D:6      | Reached skill level 3 in Shields
  3705 | D:6      | Found a sand-covered staircase.
  3718 | Ossuary  | Entered an ossuary
  3826 | Ossuary  | Reached skill level 4 in Shields
  4092 | D:6      | Reached skill level 5 in Shields
  4092 | D:6      | Reached XP level 9. HP: 72/72 MP: 8/8
  4519 | D:6      | Reached skill level 6 in Shields
  4596 | D:7      | Found a staircase to the Ecumenical Temple.
  5057 | D:7      | Gained mutation: Your spells are a little harder to cast, but a little more powerful. [mutagenic meat]
  5239 | D:7      | Reached skill level 7 in Shields
  5490 | D:8      | Reached skill level 8 in Shields
  5528 | D:8      | Reached XP level 10. HP: 76/79 MP: 9/9
  5704 | D:8      | Found a staircase to the Lair.
  5800 | D:8      | Reached skill level 9 in Shields
  5837 | D:8      | Lost mutation: Your spells are a little harder to cast, but a little more powerful. [mutagenic meat]
  5838 | D:8      | Gained mutation: Your spells are a little harder to cast, but a little more powerful. [mutagenic meat]
  5839 | D:8      | Gained mutation: You possess an exceptional clarity of mind. [mutagenic meat]
  5840 | D:8      | Lost mutation: Your spells are a little harder to cast, but a little more powerful. [mutagenic meat]
  5841 | D:8      | Lost mutation: Your flesh is heat resistant. (rF+) [mutagenic meat]
  5900 | D:8      | Found Eboxar's Jewellery Emporium.
  6375 | Lair:1   | Entered Level 1 of the Lair of Beasts
  6401 | Lair:1   | Noticed a torpor snail
  6403 | Lair:1   | Noticed a spiny frog
  6415 | Lair:1   | Killed a torpor snail
  6427 | Lair:1   | Reached skill level 10 in Shields
  6454 | Lair:1   | Killed a spiny frog
  6513 | Lair:1   | Found a dark tunnel.
  6513 | Lair:1   | Noticed a lindwurm
  6521 | Lair:1   | Killed a lindwurm
  6521 | Lair:1   | Reached skill level 11 in Shields
  6530 | Volcano  | Entered a volcano
  6543 | Volcano  | Noticed a red draconian
  6556 | Volcano  | HP: 2/79 [red draconian/searing blast (15)]
  6571 | Volcano  | HP: 2/79 [red draconian/searing blast (16)]
  6572 | Volcano  | Killed from afar by a red draconian

Skill      XL: |  1  2  3  4  5  6  7  8  9 10 |
---------------+-------------------------------+-----
Unarmed Combat | 4 5 6 8 9 |  9.2
Dodging        | 3 4 |  4.9
Shields        | 1 5 8 11 | 11.0
Fighting       | |  2.4
Stealth        | |  1.0

Action                   |  1- 3 |  4- 6 |  7- 9 | 10-12 || total
-------------------------+-------+-------+-------+-------++-------
Melee: Unarmed           |    63 |    54 |   468 |   173 ||   758
       Punch             |       |     3 |     3 |       ||     6
Evoke: Wand              |       |       |       |     6 ||     6
  Use: Potion            |       |     3 |     6 |     9 ||    18
       Scroll            |       |       |     6 |    17 ||    23
 Stab: Sleeping          |     3 |     1 |     5 |       ||     9
       Distracted        |     1 |       |     1 |     1 ||     3
  Eat: Chunk             |    11 |     3 |    37 |    19 ||    70
Armor: Robe              |    24 |     7 |     6 |     4 ||    41
       Animal skin       |       |       |    84 |     7 ||    91
       Skin              |       |       |    31 |       ||    31
Dodge: Dodged            |    39 |    22 |   123 |    35 ||   219
Block: Large shield      |       |       |   244 |   148 ||   392
